 Dungeon Crawl Stone Soup version 0.29.0-4-gdea44cf6ec (webtiles) character file.

Game seed: 7117030993369499009

10524 qw the Cleaver (level 11, -14/97 HPs)
             Began as a Minotaur Berserker on Sept 9, 2022.
             Was a Priest of Trog.
             Killed from afar by an oklob plant (33 damage)
             ... with a splash of acid
             ... on level 1 of the Lair of Beasts.
             The game lasted 00:03:51 (12631 turns).

qw the Cleaver (Minotaur Berserker)                Turns: 12631, Time: 00:03:52

Health: -14/97     AC: 11    Str: 26    XL:     11   Next: 37%
Magic:  10/10      EV:  8    Int:  4    God:    Trog [***...]
Gold:   349        SH: 12    Dex: 16    Spells: 10/10 levels left

rFire   . . .      SeeInvis .   Y - +1 hand axe
rCold   . . .      Faith    .   s - +0 kite shield
rNeg    . . .      Spirit   .   f - +2 plate armour
rPois   +          Reflect  .   (helmet restricted)
rElec   .          Harm     .   (no cloak)
rCorr   .          Rampage  .   (no gloves)
Will    .....                   a - -1 pair of boots of the Final Gods {Dex+6}
Stlth   ..........              (no amulet)
HPRegen 0.26/turn               c - ring of poison resistance
MPRegen 0.12/turn               g - +4 ring of protection

@: about to teleport, corroded
A: horns 2, retaliatory headbutt
a: Renounce Religion, Berserk, Trog's Hand


You were on level 1 of the Lair of Beasts.
You worshipped Trog.
Trog was most pleased with you.
You visited 2 branches of the dungeon, and saw 9 of its levels.

You collected 349 gold pieces.


Innate Abilities, Weirdness & Mutations

You have a pair of horns on your head.
You reflexively headbutt those who attack you in melee.


   Skills:
 + Level 9.4 Fighting
 - Level 14.0 Axes
 - Level 1.1 Throwing
 - Level 8.0 Armour
 - Level 4.0 Dodging
 - Level 11.3 Shields


You had 10 spell levels left.
You didn't know any spells.
Your spell library was empty.

Inventory:

Hand Weapons
 j - a +0 flail
 Y - a +1 hand axe (weapon)
Missiles
 m - 9 boomerangs (quivered)
Armour
 a - the -1 pair of boots of the Final Gods (worn) {Dex+6}
   (You acquired it on level 1 of the Dungeon)

   Dex:       It affects your dexterity (+6).
 f - a +2 plate armour (worn)
 s - a +0 kite shield (worn)
 u - a +1 hat of willpower
Jewellery
 c - a ring of poison resistance (left hand)
 g - a +4 ring of protection (right hand)
 l - a ring of poison resistance
 o - a +4 ring of evasion
Scrolls
 b - 4 scrolls of teleportation
 h - a scroll of identify
 k - a scroll of poison {unknown}
Potions
 d - 3 potions of cancellation
 e - a potion of haste
 i - 8 potions of curing
 n - a potion of flight {unknown}
 p - a potion of attraction {unknown}
 q - a potion of might {unknown}
 r - a potion of ambrosia {unknown}
 t - a potion of invisibility {unknown}

Dungeon Overview and Level Annotations

Branches:
Dungeon (8/15)             Temple (0/1) D:4            Lair (1/5) D:8

Altars:
Dithmenos
Hepliaklqana
Trog

Shops:
D:1 (   D:8 (

Annotations:
D:3 1 runed translucent door, Crazy Yiuf


Message History

You closely miss the water moccasin. You headbutt the water moccasin!
The water moccasin is almost dead.
The water moccasin bites you but does no damage.
You closely miss the water moccasin. You headbutt the water moccasin.
You kill the water moccasin!
Trog accepts your kill.
You start resting.
HP restored.
You see here a water moccasin corpse.
You see here a water moccasin corpse.
You see here a water moccasin corpse.
Found a blackened glass wand.
The oklob plant spits acid at you. The splash of acid hits you!
The oklob plant spits acid at you. The splash of acid hits you!
The oklob plant spits acid at you. The splash of acid hits you.
The oklob plant spits acid at you. The splash of acid hits you!
The oklob plant spits acid at you. The splash of acid misses you.
The oklob plant spits acid at you. The splash of acid hits you!
The acid corrodes you! The oklob plant spits acid at you.
The splash of acid hits you! The oklob plant spits acid at you.
The splash of acid misses you. The oklob plant spits acid at you.
The splash of acid hits you!! The acid corrodes you!
The oklob plant spits acid at you. The splash of acid misses you.
The oklob plant spits acid at you. The splash of acid hits you!
The acid corrodes you!
12631 ||| READING 5 scrolls of teleportation.
As you read the scroll of teleportation, it crumbles to dust.
You feel strangely unstable. The oklob plant spits acid at you.
The splash of acid hits you!!
You die...

###...####P###. .....#..# #..#.#
### ## ..... ........# ##..###
###..............# ##...# #
P#........$......# ###.## ##
............./...# ###...#####.
.........[.......### #.##.##.##..
#.......PPP........###....%..##..
#.......PPP$....@...##.......P##.
........PPP.......#..#.........#%
#........!........##.............
........w........#####.......##..
.................# ###########.
#.#........!....## ##
#....%....^..... ####P.........##
###.#...####


You could see an oklob plant.

Vanquished Creatures
  Gastronok (Lair:1)
  A two-headed ogre (D:8)
  Erica (Lair:1)
  A cane toad (Lair:1)
  Maggie (D:7)
  2 komodo dragons (Lair:1)
  3 polar bears (Lair:1)
  Grinder (D:3)
  Prince Ribbit (Lair:1)
  7 blink frogs (Lair:1)
  5 yaks (D:8)
  Eustachio (D:6)
  3 water moccasins
  Duvessa (D:6)
  4 black bears
  2 sky beasts
  2 ice beasts
  2 orc warriors
  2 ogres (D:6)
  A centaur (D:8)
  A phantom (D:6)
  Blork the orc (D:4)
  8 bullfrogs
  A gnoll sergeant (D:7)
  2 necrophages
  5 scorpions
  Dowan (D:6)
  5 wights (D:8)
  3 howler monkeys (D:8)
  2 electric eels (D:7)
  A jelly (D:4)
  2 orc priests
  6 hounds
  Jessica (D:3)
  Ijyb (D:5)
  4 iguanas
  3 orc wizards
  14 adders
  16 gnolls
  3 shadow imps
  6 worms
  A dart slug (D:1)
  14 orcs
  6 ball pythons
  7 bats
  5 endoplasms
  A giant cockroach (D:2)
  10 goblins
  11 hobgoblins
  4 jackals (D:3)
  10 kobolds
  4 quokkas
  4 frilled lizards
  10 rats
215 creatures vanquished.

Vanquished Creatures (others)
  7 fungi
  18 plants
25 creatures vanquished.

Grand Total: 240 creatures vanquished

Notes
Turn   | Place    | Note
-------+----------+-------------------------------------------
     0 | D:1      | qw the Minotaur Berserker began the quest for the Orb.
     0 | D:1      | Reached XP level 1. HP: 19/19 MP: 0/0
     0 | D:1      | 0 ||| qw: Version: 0.1-a-113-g051387a
     0 | D:1      | 0 ||| qw: Game counter: 7118
     0 | D:1      | 0 ||| qw: Always use a shield: true
     0 | D:1      | 0 ||| qw: Do Orc after D:15 true
     0 | D:1      | 0 ||| qw: Do second Lair branch before Depths: true
     0 | D:1      | 0 ||| qw: Lair rune preference: random
     0 | D:1      | 0 ||| qw: Plans: Normal
     0 | D:1      | 0 ||| PLANNING D:1-11
    57 | D:1      | Reached skill level 4 in Axes
   160 | D:1      | Reached XP level 2. HP: 26/26 MP: 1/1
   191 | D:1      | 191 ||| DROPPING +0 club.
   255 | D:1      | Found Niasyr's Antique Weapon Emporium.
   257 | D:1      | 257 ||| Stepping ~*~*~tactically~*~*~ (stealth).
   258 | D:1      | 258 ||| Stepping ~*~*~tactically~*~*~ (stealth).
   259 | D:1      | 259 ||| Stepping ~*~*~tactically~*~*~ (stealth).
   374 | D:1      | 374 ||| SHOPLISTING flail (59 gold, have 2).
   374 | D:1      | 374 ||| SHOPLISTING runed mace (102 gold, have 2).
   462 | D:1      | 462 ||| Stepping ~*~*~tactically~*~*~ (stealth).
   466 | D:1      | 466 ||| INVOKING Berserk.
   469 | D:1      | Reached skill level 5 in Axes
   471 | D:1      | Reached XP level 3. HP: 31/31 MP: 2/2
   541 | D:1      | 541 ||| DROPPING +0 mace.
   762 | D:1      | Found a faded altar of an unknown god.
   845 | D:1      | Reached ** piety under Trog
   856 | D:1      | 856 ||| UPGRADING to +0 scale mail.
   866 | D:1      | 866 ||| DROPPING +0 animal skin.
   867 | D:1      | 867 ||| UPGRADING to +0 chain mail.
   877 | D:1      | 877 ||| DROPPING +0 scale mail.
   878 | D:1      | 878 ||| READING scroll labelled VINIFY ROPSU.
   879 | D:1      | 879 ||| READING 4 scrolls labelled KOINTU JENA.
   880 | D:1      | 880 ||| READING scroll labelled WOWKUA FYMAE.
   880 | D:1      | Identified a scroll of acquirement
   880 | D:1      | 880 ||| ACQUIRING -1 pair of boots of the Final Gods
                  | {Dex+6}
   880 | D:1      | Acquired the -1 pair of boots of the Final Gods {Dex+6}
   882 | D:1      | 882 ||| UPGRADING to -1 pair of boots of the Final Gods
                  | {Dex+6}.
   887 | D:1      | 887 ||| DROPPING 3 scrolls of magic mapping.
   902 | D:2      | 902 ||| STAIRDANCE
   904 | D:1      | 904 ||| INVOKING Berserk.
  1012 | D:2      | 1012 ||| STAIRDANCE
  1027 | D:2      | 1027 ||| INVOKING Berserk.
  1030 | D:2      | 1030 ||| STAIRDANCE
  1128 | D:2      | 1128 ||| Stepping ~*~*~tactically~*~*~ (stealth).
  1131 | D:2      | 1131 ||| Stepping ~*~*~tactically~*~*~ (stealth).
  1143 | D:2      | 1143 ||| INVOKING Berserk.
  1303 | D:2      | 1303 ||| INVOKING Berserk.
  1304 | D:2      | 1304 ||| INVOKING Berserk.
  1415 | D:2      | Reached skill level 6 in Axes
  1415 | D:2      | Reached XP level 4. HP: 34/39 MP: 3/3
  1421 | D:2      | 1421 ||| FLEEEEING.
  1422 | D:2      | 1422 ||| FLEEEEING.
  1423 | D:2      | 1423 ||| FLEEEEING.
  1424 | D:2      | 1424 ||| FLEEEEING.
  1796 | D:2      | 1796 ||| UPGRADING to +0 plate armour.
  1806 | D:2      | 1806 ||| DROPPING +0 chain mail.
  1807 | D:2      | 1807 ||| READING 3 scrolls labelled OBLUICS GAQALU.
  1812 | D:2      | 1812 ||| READING 2 scrolls labelled ILOR QEERCHUSO.
  1813 | D:2      | 1813 ||| READING 2 scrolls labelled GIAD XULAGEXOLL.
  1814 | D:2      | 1814 ||| DROPPING scroll of immolation.
  1851 | D:3      | 1851 ||| Stepping ~*~*~tactically~*~*~ (stealth).
  1852 | D:3      | 1852 ||| Stepping ~*~*~tactically~*~*~ (stealth).
  1856 | D:3      | 1856 ||| Stepping ~*~*~tactically~*~*~ (stealth).
  1857 | D:3      | 1857 ||| Stepping ~*~*~tactically~*~*~ (stealth).
  1925 | D:3      | 1925 ||| INVOKING Berserk.
  2088 | D:3      | Noticed Grinder
  2089 | D:3      | 2089 ||| INVOKING Trog's Hand.
  2090 | D:3      | 2090 ||| INVOKING Berserk.
  2094 | D:3      | Killed Grinder
  2095 | D:3      | Reached skill level 8 in Axes
  2095 | D:3      | Reached XP level 5. HP: 45/45 MP: 4/4
  2095 | D:3      | Reached XP level 6. HP: 51/51 MP: 5/5
  2101 | D:3      | 2101 ||| FLEEEEING.
  2102 | D:3      | 2102 ||| FLEEEEING.
  2103 | D:3      | 2103 ||| FLEEEEING.
  2104 | D:3      | 2104 ||| FLEEEEING.
  2105 | D:3      | 2105 ||| FLEEEEING.
  2106 | D:3      | 2106 ||| FLEEEEING.
  2107 | D:3      | 2107 ||| FLEEEEING.
  2113 | D:3      | 2113 ||| STAIRDANCE
  2215 | D:2      | 2215 ||| DRINKING 2 fuming blue potions.
  2257 | D:2      | 2257 ||| DROPPING potion of lignification.
  2468 | D:3      | Noticed Jessica
  2475 | D:3      | Killed Jessica
  2476 | D:3      | Reached skill level 3 in Armour
  2485 | D:3      | 2485 ||| Stepping ~*~*~tactically~*~*~ (stealth).
  2495 | D:3      | 2495 ||| Stepping ~*~*~tactically~*~*~ (stealth).
  2496 | D:3      | 2496 ||| Stepping ~*~*~tactically~*~*~ (stealth).
  2632 | D:3      | Found a bloodstained altar of Trog.
  2632 | D:3      | Found a hazy altar of Hepliaklqana.
  3008 | D:3      | Found a runed translucent door.
  3009 | D:3      | Noticed Crazy Yiuf
  3089 | D:3      | 3089 ||| UPGRADING to ring of poison resistance.
  3090 | D:3      | 3090 ||| READING scroll labelled ZYOG CIDOMO.
  3091 | D:3      | 3091 ||| DRINKING 3 fuming clear potions.
  3141 | D:4      | 3141 ||| STAIRDANCE
  3331 | D:4      | 3331 ||| Stepping ~*~*~tactically~*~*~ (hiding).
  3339 | D:4      | 3339 ||| INVOKING Berserk.
  3344 | D:4      | Reached skill level 9 in Axes
  3448 | D:4      | 3448 ||| Stepping ~*~*~tactically~*~*~ (hiding).
  3450 | D:4      | 3450 ||| Stepping ~*~*~tactically~*~*~ (hiding).
  3452 | D:4      | 3452 ||| Stepping ~*~*~tactically~*~*~ (hiding).
  3455 | D:4      | 3455 ||| INVOKING Berserk.
  3756 | D:4      | Reached XP level 7. HP: 47/59 MP: 6/6
  3831 | D:4      | Noticed Blork the orc
  3836 | D:4      | 3836 ||| INVOKING Berserk.
  3839 | D:4      | Killed Blork the orc
  3883 | D:4      | 3883 ||| FLEEEEING.
  4027 | D:4      | 4027 ||| FLEEEEING.
  4028 | D:4      | 4028 ||| FLEEEEING.
  4031 | D:4      | 4031 ||| FLEEEEING.
  4032 | D:4      | 4032 ||| FLEEEEING.
  4033 | D:4      | 4033 ||| FLEEEEING.
  4038 | D:4      | 4038 ||| INVOKING Berserk.
  4456 | D:4      | 4456 ||| Stepping ~*~*~tactically~*~*~ (stealth).
  4458 | D:4      | 4458 ||| Stepping ~*~*~tactically~*~*~ (stealth).
  4573 | D:4      | 4573 ||| Stepping ~*~*~tactically~*~*~ (stealth).
  4581 | D:4      | Found a staircase to the Ecumenical Temple.
  4583 | D:4      | 4583 ||| Stepping ~*~*~tactically~*~*~ (hiding).
  4715 | D:4      | 4715 ||| UPGRADING to +4 ring of protection.
  4716 | D:4      | 4716 ||| READING scroll labelled AJAEPN BANEERE.
  4717 | D:4      | 4717 ||| DRINKING 2 murky yellow potions.
  4718 | D:4      | 4718 ||| READING 2 scrolls of identify.
  4718 | D:4      | 4718 ||| IDENTIFYING ruby potion
  4767 | D:5      | Entered Level 5 of the Dungeon
  4768 | D:5      | 4768 ||| PLANNING SEWER
  4768 | D:5      | 4768 ||| STAIRDANCE
  4775 | D:4      | Reached skill level 10 in Axes
  4789 | D:5      | 4789 ||| STAIRDANCE
  4803 | D:4      | Reached skill level 6 in Fighting
  4803 | D:4      | Reached XP level 8. HP: 42/71 MP: 7/7
  5002 | D:5      | Reached *** piety under Trog
  5158 | D:5      | Noticed Ijyb
  5160 | D:5      | 5160 ||| INVOKING Berserk.
  5170 | D:5      | Killed Ijyb
  5386 | D:5      | 5386 ||| RIP SEWER
  5387 | D:5      | 5387 ||| PLANNING D:1-11
  5453 | D:5      | Reached skill level 11 in Axes
  5909 | D:5      | 5909 ||| READING scroll labelled USTREO IKUIFOANG.
  5910 | D:5      | 5910 ||| READING scroll labelled JAINEY LIVEFE.
  5911 | D:5      | 5911 ||| READING scroll labelled QUEHOT HARR.
  5937 | D:6      | 5937 ||| INVOKING Berserk.
  5944 | D:6      | 5944 ||| STAIRDANCE
  6149 | D:6      | 6149 ||| Stepping ~*~*~tactically~*~*~ (stealth).
  6291 | D:6      | 6291 ||| Stepping ~*~*~tactically~*~*~ (stealth).
  6292 | D:6      | 6292 ||| Stepping ~*~*~tactically~*~*~ (stealth).
  6325 | D:6      | 6325 ||| READING scroll of enchant armour.
  6325 | D:6      | 6325 ||| ENCHANTING +0 plate armour.
  6373 | D:6      | 6373 ||| Stepping ~*~*~tactically~*~*~ (stealth).
  6374 | D:6      | 6374 ||| Stepping ~*~*~tactically~*~*~ (stealth).
  6380 | D:6      | Reached skill level 12 in Axes
  6446 | D:6      | Noticed Duvessa
  6448 | D:6      | Noticed Dowan
  6449 | D:6      | 6449 ||| Stepping ~*~*~tactically~*~*~ (stealth).
  6451 | D:6      | 6451 ||| Stepping ~*~*~tactically~*~*~ (hiding).
  6452 | D:6      | 6452 ||| INVOKING Berserk.
  6456 | D:6      | Killed Duvessa
  6457 | D:6      | Reached skill level 3 in Dodging
  6457 | D:6      | Reached XP level 9. HP: 78/78 MP: 8/8
  6464 | D:6      | Killed Dowan
  6799 | D:6      | Noticed Eustachio
  6801 | D:6      | 6801 ||| INVOKING Berserk.
  6808 | D:6      | Killed Eustachio
  6809 | D:6      | Reached skill level 6 in Armour
  7024 | D:6      | 7024 ||| DROPPING ring of see invisible.
  7025 | D:6      | 7025 ||| DROPPING ring of resist corrosion.
  7117 | D:7      | 7117 ||| Stepping ~*~*~tactically~*~*~ (hiding).
  7118 | D:7      | 7118 ||| Stepping ~*~*~tactically~*~*~ (hiding).
  7121 | D:7      | 7121 ||| INVOKING Berserk.
  7252 | D:7      | Noticed Maggie
  7253 | D:7      | 7253 ||| Stepping ~*~*~tactically~*~*~ (hiding).
  7269 | D:7      | Killed Maggie
  7270 | D:7      | Reached skill level 13 in Axes
  7553 | D:7      | Found a flagged portal.
  7555 | D:7      | 7555 ||| Stepping ~*~*~tactically~*~*~ (water).
  7610 | D:7      | Reached skill level 1 in Throwing
  7643 | D:7      | 7643 ||| FLEEEEING.
  7644 | D:7      | 7644 ||| FLEEEEING.
  7771 | D:7      | 7771 ||| READING scroll of enchant armour.
  7771 | D:7      | 7771 ||| ENCHANTING +1 plate armour.
  7796 | D:7      | 7796 ||| INVOKING Berserk.
  7811 | D:7      | 7811 ||| FLEEEEING.
  7812 | D:7      | 7812 ||| FLEEEEING.
  7813 | D:7      | 7813 ||| FLEEEEING.
  7814 | D:7      | 7814 ||| FLEEEEING.
  7815 | D:7      | 7815 ||| FLEEEEING.
  7816 | D:7      | 7816 ||| FLEEEEING.
  7817 | D:7      | 7817 ||| FLEEEEING.
  7818 | D:7      | 7818 ||| FLEEEEING.
  7819 | D:7      | 7819 ||| FLEEEEING.
  7820 | D:7      | 7820 ||| FLEEEEING.
  7821 | D:7      | 7821 ||| FLEEEEING.
  8026 | D:7      | 8026 ||| FLEEEEING.
  8107 | D:7      | 8107 ||| Stepping ~*~*~tactically~*~*~ (stealth).
  8109 | D:7      | 8109 ||| FLEEEEING.
  8160 | D:7      | 8160 ||| FLEEEEING.
  8161 | D:7      | 8161 ||| FLEEEEING.
  8162 | D:7      | 8162 ||| FLEEEEING.
  8223 | D:7      | 8223 ||| FLEEEEING.
  8260 | D:7      | 8260 ||| FLEEEEING.
  8335 | D:7      | 8335 ||| FLEEEEING.
  8336 | D:7      | 8336 ||| FLEEEEING.
  8337 | D:7      | 8337 ||| FLEEEEING.
  8338 | D:7      | 8338 ||| FLEEEEING.
  8339 | D:7      | 8339 ||| FLEEEEING.
  8340 | D:7      | 8340 ||| FLEEEEING.
  8454 | D:7      | 8454 ||| FLEEEEING.
  8532 | D:7      | 8532 ||| INVOKING Berserk.
  8721 | D:7      | 8721 ||| INVOKING Berserk.
  8839 | D:7      | 8839 ||| INVOKING Berserk.
  9254 | D:7      | 9254 ||| DRINKING 2 bubbling brown potions.
  9255 | D:7      | 9255 ||| READING 2 scrolls of identify.
  9255 | D:7      | 9255 ||| IDENTIFYING blue potion
  9256 | D:7      | 9256 ||| DROPPING potion of degeneration.
  9690 | D:8      | 9690 ||| Stepping ~*~*~tactically~*~*~ (hiding).
  9691 | D:8      | 9691 ||| Stepping ~*~*~tactically~*~*~ (hiding).
  9700 | D:8      | 9700 ||| STAIRDANCE
  9715 | D:7      | Reached skill level 14 in Axes
  9811 | D:7      | 9811 ||| UPGRADING to +0 buckler.
  9819 | D:8      | 9819 ||| STAIRDANCE
  9824 | D:7      | Reached skill level 1 in Shields
  9847 | D:8      | 9847 ||| STAIRDANCE
  9857 | D:8      | 9857 ||| STAIRDANCE
  9859 | D:7      | 9859 ||| INVOKING Berserk.
  9903 | D:8      | 9903 ||| STAIRDANCE
  9934 | D:8      | 9934 ||| INVOKING Berserk.
  9938 | D:8      | Reached XP level 10. HP: 88/88 MP: 9/9
 10078 | D:8      | Noticed a two-headed ogre
 10079 | D:8      | 10079 ||| Stepping ~*~*~tactically~*~*~ (stealth).
 10082 | D:8      | 10082 ||| INVOKING Berserk.
 10087 | D:8      | Reached skill level 3 in Shields
 10090 | D:8      | Killed a two-headed ogre
 10306 | D:8      | Found a staircase to the Lair.
 10307 | D:8      | 10307 ||| INVOKING Berserk.
 10314 | D:8      | Reached skill level 9 in Fighting
 10464 | D:8      | Found a shadowy altar of Dithmenos.
 10468 | D:8      | Found Acheul's Weapon Shoppe.
 10755 | D:8      | Reached skill level 6 in Shields
 10828 | D:8      | 10828 ||| PLANNING LAIR
 10828 | D:8      | 10828 ||| UPGRADING to +0 kite shield.
 10838 | D:8      | 10838 ||| DROPPING +0 buckler.
 10883 | Lair:1   | Entered Level 1 of the Lair of Beasts
 10884 | Lair:1   | 10884 ||| INVOKING Berserk.
 11080 | Lair:1   | Noticed Erica
 11081 | Lair:1   | 11081 ||| Stepping ~*~*~tactically~*~*~ (hiding).
 11085 | Lair:1   | 11085 ||| INVOKING Berserk.
 11092 | Lair:1   | Killed Erica
 11093 | Lair:1   | Reached skill level 9 in Shields
 11195 | Lair:1   | 11195 ||| INVOKING Berserk.
 11198 | Lair:1   | Reached XP level 11. HP: 97/97 MP: 10/10
 11199 | Lair:1   | Noticed Prince Ribbit
 11217 | Lair:1   | Killed Prince Ribbit
 11229 | Lair:1   | HP: 12/97 [blink frog (13)]
 11230 | Lair:1   | 11230 ||| READING 6 scrolls of teleportation.
 11230 | Lair:1   | HP: 2/97 [blink frog[Prince Ribbit] (10)]
 11231 | Lair:1   | 11231 ||| DRINKING 2 potions of heal wounds.
 11571 | Lair:1   | 11571 ||| Stepping ~*~*~tactically~*~*~ (stealth).
 11577 | Lair:1   | 11577 ||| Stepping ~*~*~tactically~*~*~ (stealth).
 11591 | Lair:1   | 11591 ||| INVOKING Berserk.
 11713 | Lair:1   | 11713 ||| INVOKING Berserk.
 11910 | Lair:1   | Noticed an oklob plant
 11913 | Lair:1   | 11913 ||| INVOKING Berserk.
 11926 | Lair:1   | Noticed Gastronok
 11928 | Lair:1   | HP: 15/97 [oklob plant/splash of acid (16)]
 11929 | Lair:1   | 11929 ||| READING 5 scrolls of teleportation.
 11930 | Lair:1   | 11930 ||| DRINKING potion of heal wounds.
 12266 | Lair:1   | 12266 ||| Stepping ~*~*~tactically~*~*~ (stealth).
 12269 | Lair:1   | Identified the +11 spear of Righteous Fury {antimagic,
                  | rElec Will- Int+5 Dex+8}
 12273 | Lair:1   | 12273 ||| INVOKING Berserk.
 12284 | Lair:1   | Killed Gastronok
 12387 | Lair:1   | 12387 ||| INVOKING Berserk.
 12630 | Lair:1   | HP: 19/97 [oklob plant/splash of acid (14)]
 12631 | Lair:1   | 12631 ||| READING 5 scrolls of teleportation.
 12631 | Lair:1   | Killed from afar by an oklob plant

Levels and vault maps discovered:
D:1:      dpeg_arrival_arbitrary_c, layout_rooms,
          chequers_ecumenical_altar_grove, serial_shops, shop
D:2:      layout_rooms, amcnicky_mini_pool_small
D:3:      layout_loops_corners, jmf_multi_god_temple, serial_rivers,
          chequers_serial_rivers_micro_b, chequers_serial_rivers_micro_d,
          chequers_serial_rivers_room_a, chequers_serial_rivers_small_b,
          uniq_jessica, uniq_grinder, uniq_crazy_yiuf_cottage
D:4:      layout_gridville, minmay_temple_entry_statues_pillars,
          uniq_blork_the_orc
D:5:      layout_loops_ring, portal_sewer_entry_d, uniq_ijyb
D:6:      layout_basic, uniq_duvessa, uniq_eustachio
D:7:      layout_basic, enter_bailey_4, kennysheep_small_spiral, uniq_maggie
D:8:      layout_basic, grunt_dithmenos_smoke_and_mirrors,
          grunt_lair_entry_orc_guard_hut, serial_curves, eino_curves_01,
          eino_curves_03, serial_shops, shop_fountains,
          minmay_increasing_density
Lair:1:   layout_roguey, minmay_lair_oklob_bushes, cheibrodos_lair_lostbears,
          grunt_megastairs_5, uniq_erica, uniq_gastronok, uniq_prince_ribbit2

Skill      XL: |  1  2  3  4  5  6  7  8  9 10 11 |
---------------+----------------------------------+-----
Axes           | 4 5 6 8 9 10 12 14 | 14.0
Armour         | 4 5 6 7 8 |  8.0
Fighting       | 4 6 8 9 |  9.4
Dodging        | 3 4 |  4.0
Throwing       | 1 |  1.1
Shields        | 2 9 11 | 11.3

Action                   |  1- 3 |  4- 6 |  7- 9 | 10-12 || total
-------------------------+-------+-------+-------+-------++-------
Melee: Hand axe          |    85 |    86 |   315 |   161 ||   647
       Headbutt          |     9 |    18 |    67 |    41 ||   135
       Punch             |       |     2 |     9 |       ||    11
Throw: Boomerang         |       |       |    11 |    20 ||    31
Invok: Berserk           |     5 |     4 |    13 |    10 ||    32
       Trog's Hand       |       |     1 |       |       ||     1
  Use: Scroll            |     3 |     4 |     8 |     3 ||    18
       Potion            |       |     2 |     2 |     2 ||     6
Armor: Animal skin       |     7 |       |       |       ||     7
       Chain mail        |    19 |     3 |       |       ||    22
       Plate armour      |       |    26 |   132 |    53 ||   211
Dodge: Dodged            |    36 |    23 |    78 |    38 ||   175
Block: Buckler           |       |       |     4 |     3 ||     7
       Kite shield       |       |       |       |    38 ||    38

Table legend:
 A = Non-vault XP
 B = Vault XP
 C = Vault XP percentage of total XP
 D = Non-vault monster count
 E = Vault monster count
 F = Vault count percentage of total count
                 A         B        C        D         E       F
            +---------+---------+-------+---------+---------+-------
      Total |    8075 |    6960 |  46.3 |     181 |      34 |  15.8
            +---------+---------+-------+---------+---------+-------
        D:1 |      70 |       0 |   0.0 |      33 |       0 |   0.0
        D:2 |      51 |       0 |   0.0 |      15 |       0 |   0.0
        D:3 |     111 |     330 |  74.8 |      23 |       4 |  14.8
        D:4 |     879 |      94 |   9.7 |      34 |       1 |   2.9
        D:5 |     314 |      49 |  13.5 |       9 |       2 |  18.2
        D:6 |    1198 |     402 |  25.1 |      19 |       3 |  13.6
        D:7 |     849 |     768 |  47.5 |      18 |       9 |  33.3
        D:8 |    1768 |    1356 |  43.4 |      19 |       7 |  26.9
     Lair:1 |    2835 |    3961 |  58.3 |      11 |       8 |  42.1
            +---------+---------+-------+---------+---------+-------
